General information
- name: BNet
- type: Ladder team game (AT/RT)
- host: Battle.net
- saver: nutsonyochin.de
map: Battleground
- players: 8
- length: 41:23
- speed: Fast
- version: 1.21 W3XP
- replay type:

» download(320 KB)
Players
team 1 (winner)
BIG_OIL_CEO_USA (
purple | 38 APM | 1575 actions | 41:21)
2 Blademaster
1 Wind Walk
1 Critical Strike
1 Crypt Lord
1 Spiked Carapace
» actions
| Assign group hotkey | 1 | |
| Basic commands | 4 | |
| Build / train | 30 | |
| Enter build submenu | 43 | |
| Enter hero's abilities submenu | 3 | |
| Right click | 815 | |
| Select / deselect | 391 | |
| Select group hotkey | 193 | |
| Use ability | 94 | |
1575 total
» units
» upgrades
» buildings
| Altar of Storms | 2 | |
| Orc Burrow | 5 | |
| War Mill | 2 | |
| Watch Tower | 41 | |
| Stronghold | 2 | |
| Fortress | 1 | |
| Beastiary | 2 | |
| Great Hall | 1 | |
| Voodoo Lounge | 1 | |
57 total
» build order
00:08 Altar of Storms
00:15 Orc Burrow
00:57 War Mill
02:07 Orc Burrow
02:14 Watch Tower
02:16 Watch Tower
03:32 Watch Tower
03:34 Watch Tower
04:39 Watch Tower
04:40 Watch Tower
04:42 Watch Tower
05:26 Stronghold
05:51 Watch Tower
05:53 Watch Tower
06:24 Orc Burrow
06:48 Watch Tower
06:50 Watch Tower
06:52 Watch Tower
06:56 Watch Tower
07:05 Watch Tower
07:07 Watch Tower
08:01 Watch Tower
08:13 Watch Tower
08:15 Watch Tower
08:26 Fortress
08:42 Watch Tower
08:43 Watch Tower
08:47 Watch Tower
09:20 Watch Tower
09:39 Watch Tower
09:40 Watch Tower
10:18 Watch Tower
10:25 Watch Tower
11:24 Beastiary
12:11 Beastiary
12:41 War Mill
14:36 Great Hall
15:08 Orc Burrow
16:02 Orc Burrow
18:47 Watch Tower
18:50 Watch Tower
19:08 Watch Tower
19:09 Watch Tower
20:24 Watch Tower
20:35 Watch Tower
20:37 Watch Tower
21:23 Watch Tower
21:28 Watch Tower
21:51 Watch Tower
21:53 Watch Tower
23:01 Altar of Storms
23:40 Watch Tower
24:10 Watch Tower
25:00 Watch Tower
25:06 Watch Tower
25:33 Voodoo Lounge
25:47 Stronghold
» items
| Orb of Fire | 1 | |
| Healing Salve | 1 | |
2 total
BigSausagePizza (
pink | 112 APM | 4630 actions | 41:21)
5 Death Knight
2 Death Coil
2 Unholy Aura
1 Death Pact
5 Lich
3 Frost Nova
2 Frost Armor
3 Crypt Lord
2 Impale
1 Spiked Carapace
» actions
| Assign group hotkey | 23 | |
| Basic commands | 15 | |
| Build / train | 113 | |
| ESC pressed | 6 | |
| Enter build submenu | 23 | |
| Enter hero's abilities submenu | 13 | |
| Give item / drop item | 12 | |
| Right click | 2259 | |
| Select / deselect | 427 | |
| Select group hotkey | 1473 | |
| Use ability | 265 | |
4630 total
» units
| Acolyte | 9 | |
| Ghoul | 4 | |
| Gargoyle | 19 | |
| Obsidian Statue | 3 | |
35 total
» upgrades
| Creature Attack | 2 | |
| Creature Carapace | 1 | |
| Stone Form | 1 | |
4 total
» buildings
| Altar of Darkness | 2 | |
| Crypt | 2 | |
| Ziggurat | 7 | |
| Tomb of Relics | 1 | |
| Halls of the Dead | 1 | |
| Graveyard | 1 | |
| Black Citadel | 1 | |
| Slaughterhouse | 1 | |
| Spirit Tower | 2 | |
| Sacrificial Pit | 1 | |
| Necropolis | 2 | |
21 total
» build order
00:15 Altar of Darkness
00:18 Crypt
00:28 Ziggurat
01:11 Tomb of Relics
01:45 Ziggurat
02:56 Halls of the Dead
03:23 Graveyard
03:53 Ziggurat
05:02 Ziggurat
05:44 Black Citadel
06:26 Slaughterhouse
09:36 Spirit Tower
21:17 Sacrificial Pit
29:14 Altar of Darkness
29:16 Ziggurat
29:17 Ziggurat
29:18 Ziggurat
30:12 Crypt
34:22 Necropolis
35:16 Necropolis
» items
| Rod of Necromancy | 6 | |
| Lesser Clarity Potion | 10 | |
| Orb of Corruption | 2 | |
| Potion of Healing | 5 | |
| Potion of Mana | 3 | |
| Scroll of Speed | 1 | |
| Healing Salve | 1 | |
| Scroll of Town Portal | 2 | |
| Scroll of Healing | 2 | |
| Boots of Speed | 3 | |
| Staff of Teleportation | 3 | |
| Periapt of Vitality | 2 | |
| Scroll of Regeneration | 3 | |
| Staff of Sanctuary | 1 | |
44 total
nutsonyochin.de (
red | 61 APM | 2539 actions | 41:23)
2 Archmage
1 Blizzard
1 Brilliance Aura
2 Paladin
1 Divine Shield
1 Holy Light
1 Blood Mage
1 Flame Strike
» actions
| Assign group hotkey | 14 | |
| Basic commands | 14 | |
| Build / train | 128 | |
| ESC pressed | 8 | |
| Enter build submenu | 90 | |
| Enter hero's abilities submenu | 5 | |
| Give item / drop item | 3 | |
| Right click | 1225 | |
| Select / deselect | 390 | |
| Select group hotkey | 362 | |
| Use ability | 299 | |
2539 total
» units
| Peasant | 31 | |
| Dragonhawk Rider | 10 | |
41 total
» upgrades
| Masonry | 3 | |
| Lumber Harvesting | 1 | |
| Magic Sentry | 1 | |
| Armor | 2 | |
| Animal War Training | 1 | |
8 total
» buildings
| Altar of Kings | 2 | |
| Lumber Mill | 2 | |
| Farm | 12 | |
| Scout Tower | 82 | |
| Arcane Tower | 3 | |
| Guard Tower | 49 | |
| Town Hall | 2 | |
| Keep | 2 | |
| Blacksmith | 1 | |
| Arcane Sanctum | 1 | |
| Gryphon Aviary | 1 | |
| Arcane Vault | 2 | |
| Castle | 1 | |
| Barracks | 1 | |
161 total
» build order
00:09 Altar of Kings
00:11 Lumber Mill
00:28 Farm
00:55 Scout Tower
01:22 Arcane Tower
01:22 Arcane Tower
01:29 Scout Tower
01:58 Scout Tower
01:59 Guard Tower
02:06 Scout Tower
02:07 Scout Tower
02:52 Guard Tower
02:54 Scout Tower
02:55 Scout Tower
03:01 Farm
03:29 Guard Tower
03:31 Scout Tower
03:32 Scout Tower
04:05 Guard Tower
04:08 Guard Tower
04:12 Scout Tower
04:15 Scout Tower
04:42 Guard Tower
04:45 Scout Tower
04:45 Scout Tower
04:47 Scout Tower
05:15 Guard Tower
05:24 Scout Tower
05:25 Scout Tower
05:26 Scout Tower
06:00 Guard Tower
06:03 Guard Tower
06:21 Scout Tower
06:22 Scout Tower
07:00 Guard Tower
07:13 Scout Tower
07:14 Scout Tower
07:24 Town Hall
07:30 Scout Tower
07:31 Scout Tower
07:32 Scout Tower
07:33 Scout Tower
07:39 Scout Tower
07:40 Scout Tower
07:41 Scout Tower
07:42 Scout Tower
08:21 Guard Tower
08:23 Keep
08:52 Blacksmith
09:37 Guard Tower
09:51 Scout Tower
09:51 Scout Tower
09:52 Scout Tower
09:53 Scout Tower
10:27 Scout Tower
10:28 Scout Tower
10:29 Scout Tower
10:30 Scout Tower
10:56 Guard Tower
11:13 Guard Tower
11:16 Guard Tower
11:22 Guard Tower
11:26 Scout Tower
11:27 Scout Tower
11:30 Scout Tower
11:31 Scout Tower
11:31 Scout Tower
11:33 Arcane Sanctum
11:46 Guard Tower
11:55 Guard Tower
12:16 Guard Tower
12:19 Scout Tower
12:20 Scout Tower
12:24 Scout Tower
12:26 Scout Tower
12:29 Guard Tower
12:33 Guard Tower
13:23 Guard Tower
13:24 Scout Tower
13:43 Scout Tower
13:53 Guard Tower
13:54 Scout Tower
14:07 Gryphon Aviary
15:07 Lumber Mill
16:02 Scout Tower
16:03 Scout Tower
16:04 Scout Tower
16:47 Guard Tower
16:49 Altar of Kings
16:58 Scout Tower
17:01 Guard Tower
17:02 Scout Tower
17:10 Scout Tower
17:11 Scout Tower
17:13 Scout Tower
17:17 Scout Tower
17:18 Scout Tower
17:24 Guard Tower
17:27 Keep
17:40 Guard Tower
17:47 Guard Tower
18:09 Farm
18:11 Guard Tower
18:35 Guard Tower
18:41 Farm
18:57 Scout Tower
19:03 Arcane Vault
19:25 Farm
19:32 Guard Tower
19:34 Farm
19:41 Scout Tower
20:48 Guard Tower
20:51 Scout Tower
21:23 Guard Tower
21:26 Farm
21:29 Scout Tower
21:30 Scout Tower
21:31 Scout Tower
21:31 Scout Tower
21:32 Scout Tower
21:33 Scout Tower
21:34 Scout Tower
21:34 Scout Tower
21:42 Farm
22:25 Town Hall
22:33 Guard Tower
22:46 Guard Tower
22:53 Scout Tower
22:54 Scout Tower
22:56 Scout Tower
22:56 Scout Tower
22:57 Scout Tower
22:57 Scout Tower
22:58 Scout Tower
22:58 Scout Tower
22:59 Scout Tower
23:00 Scout Tower
23:09 Guard Tower
23:16 Castle
23:26 Guard Tower
23:29 Guard Tower
23:51 Guard Tower
23:56 Guard Tower
24:44 Guard Tower
24:55 Guard Tower
25:18 Scout Tower
25:19 Scout Tower
25:22 Guard Tower
25:49 Guard Tower
26:22 Guard Tower
28:00 Guard Tower
28:16 Barracks
29:05 Arcane Vault
29:30 Guard Tower
30:09 Farm
30:12 Farm
30:15 Farm
30:16 Farm
32:46 Guard Tower
33:04 Guard Tower
» items
| Staff of Teleportation | 3 | |
| Boots of Speed | 1 | |
| Ivory Tower | 10 | |
| Orb of Fire | 1 | |
15 total
RikuHeikkenen (
green | 69 APM | 2852 actions | 41:21)
5 Blademaster
3 Wind Walk
2 Critical Strike
» actions
| Assign group hotkey | 5 | |
| Build / train | 57 | |
| ESC pressed | 4 | |
| Enter build submenu | 57 | |
| Enter hero's abilities submenu | 5 | |
| Give item / drop item | 4 | |
| Right click | 1767 | |
| Select / deselect | 714 | |
| Select group hotkey | 59 | |
| Use ability | 179 | |
2852 total
» units
| Peon | 15 | |
| Wind Rider | 5 | |
| Troll Batrider | 2 | |
22 total
» buildings
| Altar of Storms | 1 | |
| Orc Burrow | 4 | |
| War Mill | 1 | |
| Watch Tower | 46 | |
| Voodoo Lounge | 1 | |
| Stronghold | 1 | |
| Beastiary | 2 | |
56 total
» build order
00:19 Altar of Storms
00:23 Orc Burrow
00:53 War Mill
02:09 Watch Tower
02:11 Watch Tower
02:55 Watch Tower
02:57 Watch Tower
03:31 Voodoo Lounge
03:40 Watch Tower
03:43 Watch Tower
05:16 Watch Tower
05:18 Stronghold
05:21 Watch Tower
05:24 Watch Tower
06:26 Watch Tower
06:30 Watch Tower
06:34 Watch Tower
07:23 Orc Burrow
08:00 Watch Tower
08:01 Watch Tower
08:07 Watch Tower
08:51 Watch Tower
08:54 Watch Tower
08:56 Watch Tower
09:30 Watch Tower
09:31 Watch Tower
09:33 Watch Tower
10:27 Watch Tower
10:30 Watch Tower
10:32 Watch Tower
10:58 Beastiary
10:59 Beastiary
11:43 Watch Tower
12:15 Watch Tower
12:39 Watch Tower
12:53 Watch Tower
13:10 Watch Tower
13:41 Watch Tower
13:53 Watch Tower
14:06 Watch Tower
14:29 Orc Burrow
14:48 Watch Tower
14:54 Watch Tower
15:28 Watch Tower
15:41 Watch Tower
16:14 Watch Tower
16:38 Watch Tower
16:49 Orc Burrow
17:11 Watch Tower
17:15 Watch Tower
18:09 Watch Tower
18:31 Watch Tower
18:50 Watch Tower
19:06 Watch Tower
20:27 Watch Tower
20:34 Watch Tower
» items
| Healing Salve | 5 | |
| Lesser Clarity Potion | 7 | |
| Scroll of Speed | 2 | |
| Boots of Speed | 1 | |
| Staff of Teleportation | 1 | |
| Potion of Mana | 1 | |
| Potion of Healing | 5 | |
| Orb of Corruption | 1 | |
23 total
team 2 (loser)
CyberD0g- (
orange | 46 APM | 1910 actions | 41:21)
7 Death Knight
3 Death Coil
3 Unholy Aura
1 Animate Dead
6 Lich
3 Frost Nova
2 Frost Armor
1 Death and Decay
» actions
| Build / train | 71 | |
| Enter build submenu | 17 | |
| Enter hero's abilities submenu | 13 | |
| Give item / drop item | 3 | |
| Remove unit from queue | 6 | |
| Right click | 991 | |
| Select / deselect | 707 | |
| Use ability | 102 | |
1910 total
» units
| Acolyte | 2 | |
| Ghoul | 6 | |
| Crypt Fiend | 9 | |
| Frost Wyrm | 12 | |
29 total
» upgrades
| Creature Attack | 3 | |
| Burrow | 1 | |
| Web | 1 | |
| Creature Carapace | 3 | |
| Freezing Breath | 1 | |
9 total
» buildings
| Crypt | 1 | |
| Ziggurat | 9 | |
| Altar of Darkness | 1 | |
| Graveyard | 1 | |
| Tomb of Relics | 1 | |
| Nerubian Tower | 3 | |
| Halls of the Dead | 1 | |
| Black Citadel | 1 | |
| Sacrificial Pit | 1 | |
| Boneyard | 3 | |
22 total
» build order
00:15 Crypt
00:22 Ziggurat
00:37 Altar of Darkness
01:03 Graveyard
01:28 Ziggurat
01:44 Tomb of Relics
01:53 Nerubian Tower
01:53 Nerubian Tower
03:28 Nerubian Tower
04:35 Ziggurat
05:16 Halls of the Dead
08:31 Black Citadel
10:02 Ziggurat
10:02 Ziggurat
10:04 Sacrificial Pit
11:32 Boneyard
11:33 Boneyard
11:40 Boneyard
14:02 Ziggurat
14:04 Ziggurat
25:02 Ziggurat
25:03 Ziggurat
» items
| Dust of Appearance | 2 | |
| Rod of Necromancy | 1 | |
| Orb of Corruption | 1 | |
| Staff of Teleportation | 2 | |
6 total
is)JEDI[yoda (
yellow | 50 APM | 2068 actions | 41:21)
4 Tauren Chieftain
2 War Stomp
2 Endurance Aura
2 Shadow Hunter
1 Healing Wave
1 Hex
» actions
| Assign group hotkey | 42 | |
| Basic commands | 12 | |
| Build / train | 94 | |
| Enter build submenu | 40 | |
| Enter hero's abilities submenu | 6 | |
| Give item / drop item | 1 | |
| Remove unit from queue | 1 | |
| Right click | 744 | |
| Select / deselect | 381 | |
| Select group hotkey | 588 | |
| Use ability | 159 | |
2068 total
» units
| Peon | 27 | |
| Grunt | 5 | |
| Demolisher | 20 | |
| Troll Witch Doctor | 6 | |
| Tauren | 4 | |
| Troll Batrider | 6 | |
68 total
» upgrades
| Witch Doctor Training | 2 | |
| Burning Oil | 1 | |
| Melee Weapons | 1 | |
| Armor | 1 | |
| Spiked Barricades | 1 | |
| Liquid Fire | 1 | |
7 total
» buildings
| Altar of Storms | 1 | |
| Orc Burrow | 6 | |
| Barracks | 2 | |
| Voodoo Lounge | 1 | |
| Stronghold | 1 | |
| War Mill | 2 | |
| Spirit Lodge | 1 | |
| Fortress | 1 | |
| Tauren Totem | 1 | |
| Great Hall | 1 | |
| Watch Tower | 21 | |
| Beastiary | 2 | |
40 total
» build order
00:14 Altar of Storms
00:18 Orc Burrow
01:02 Barracks
01:46 Orc Burrow
01:55 Voodoo Lounge
03:26 Stronghold
03:57 Orc Burrow
04:53 Orc Burrow
05:31 War Mill
06:35 Spirit Lodge
06:37 Fortress
07:20 Orc Burrow
09:04 Tauren Totem
11:01 Great Hall
15:53 Watch Tower
15:57 Watch Tower
16:01 Watch Tower
17:17 Watch Tower
17:49 Watch Tower
17:53 Watch Tower
19:04 Watch Tower
19:17 Watch Tower
19:39 Watch Tower
21:27 Watch Tower
22:12 Watch Tower
27:39 Watch Tower
27:40 Watch Tower
27:42 Watch Tower
27:44 Watch Tower
27:47 Watch Tower
28:24 Barracks
28:44 Watch Tower
28:48 Watch Tower
28:51 Watch Tower
28:59 Watch Tower
29:57 War Mill
36:55 Beastiary
37:47 Beastiary
39:38 Watch Tower
41:20 Orc Burrow
» items
| Healing Salve | 1 | |
| Lesser Clarity Potion | 1 | |
| Scroll of Speed | 1 | |
| Potion of Healing | 3 | |
| Scroll of Town Portal | 1 | |
| Potion of Lesser Invulnerability | 1 | |
8 total
LuDiPia.oOpTiZ (
teal | 54 APM | 2232 actions | 41:21)
6 Death Knight
3 Death Coil
2 Unholy Aura
1 Animate Dead
5 Lich
3 Frost Nova
2 Frost Armor
» actions
| Assign group hotkey | 24 | |
| Basic commands | 6 | |
| Build / train | 58 | |
| Enter build submenu | 16 | |
| Enter hero's abilities submenu | 11 | |
| Give item / drop item | 2 | |
| Remove unit from queue | 1 | |
| Right click | 1428 | |
| Select / deselect | 297 | |
| Select group hotkey | 299 | |
| Use ability | 90 | |
2232 total
» units
| Acolyte | 2 | |
| Ghoul | 2 | |
| Crypt Fiend | 12 | |
| Obsidian Statue | 8 | |
24 total
» upgrades
| Web | 1 | |
| Creature Attack | 3 | |
| Destroyer Form | 1 | |
| Creature Carapace | 2 | |
7 total
» buildings
| Graveyard | 1 | |
| Crypt | 1 | |
| Ziggurat | 9 | |
| Altar of Darkness | 1 | |
| Tomb of Relics | 1 | |
| Nerubian Tower | 1 | |
| Halls of the Dead | 1 | |
| Black Citadel | 1 | |
| Slaughterhouse | 2 | |
18 total
» build order
00:12 Graveyard
00:16 Crypt
00:36 Ziggurat
01:06 Altar of Darkness
01:53 Tomb of Relics
02:11 Ziggurat
02:43 Nerubian Tower
04:54 Ziggurat
04:58 Halls of the Dead
05:53 Ziggurat
08:26 Black Citadel
11:33 Slaughterhouse
11:38 Slaughterhouse
11:45 Ziggurat
11:48 Ziggurat
11:50 Ziggurat
16:34 Ziggurat
16:37 Ziggurat
» items
| Rod of Necromancy | 1 | |
| Dust of Appearance | 2 | |
| Orb of Corruption | 1 | |
| Potion of Healing | 1 | |
| Potion of Mana | 1 | |
6 total
nico262 (
blue | 55 APM | 2288 actions | 41:21)
4 Archmage
2 Summon Water Elemental
2 Brilliance Aura
4 Naga Sea Witch
1 Frost Arrows
1 Forked Lightning
2 Mana Shield
2 Blood Mage
1 Flame Strike
1 Banish
» actions
| Assign group hotkey | 30 | |
| Basic commands | 10 | |
| Build / train | 110 | |
| Enter build submenu | 22 | |
| Enter hero's abilities submenu | 10 | |
| Remove unit from queue | 2 | |
| Right click | 1455 | |
| Select / deselect | 461 | |
| Select group hotkey | 122 | |
| Use ability | 66 | |
2288 total
» units
| Peasant | 23 | |
| Rifleman | 8 | |
| Mortar Team | 24 | |
| Siege Engine | 5 | |
| Flying Machine | 5 | |
65 total
» upgrades
| Gunpowder | 3 | |
| Long Rifles | 1 | |
| Fragmentation Shards | 1 | |
| Armor | 3 | |
| Barrage | 1 | |
| Flak Cannons | 1 | |
| Flying Machine Bombs | 1 | |
| Masonry | 3 | |
| Lumber Harvesting | 2 | |
| Plating | 3 | |
| Swords | 2 | |
| Flare | 1 | |
| Animal War Training | 1 | |
| Backpack | 1 | |
24 total
» buildings
| Altar of Kings | 1 | |
| Farm | 11 | |
| Blacksmith | 1 | |
| Barracks | 1 | |
| Scout Tower | 3 | |
| Arcane Tower | 2 | |
| Lumber Mill | 2 | |
| Keep | 1 | |
| Guard Tower | 1 | |
| Arcane Vault | 1 | |
| Workshop | 2 | |
| Castle | 1 | |
| Town Hall | 1 | |
28 total
» build order
00:08 Altar of Kings
00:22 Farm
00:53 Blacksmith
01:02 Farm
01:41 Barracks
02:05 Farm
02:17 Farm
02:18 Farm
02:49 Scout Tower
03:17 Arcane Tower
03:28 Scout Tower
03:59 Arcane Tower
04:36 Scout Tower
04:40 Lumber Mill
04:49 Keep
05:51 Guard Tower
06:04 Farm
06:50 Arcane Vault
07:25 Workshop
08:25 Castle
08:34 Farm
10:07 Farm
11:07 Workshop
13:44 Farm
14:38 Farm
14:45 Town Hall
22:59 Lumber Mill
35:37 Farm
Chat log
(00:12 / Allies) BigSausagePizza: ill feed purple
(00:17 / All) nutsonyochin.de: gl & hf & guten tag
(00:18 / Allies) BIG_OIL_CEO_USA: wow
(00:21 / Allies) BIG_OIL_CEO_USA: this game started
(00:27 / All) LuDiPia.oOpTiZ: omg rus > ger ^^
(00:33 / All) nico262: gl hf
(00:36 / All) nutsonyochin.de: nein
(00:41 / All) LuDiPia.oOpTiZ: ^^
(00:46 / All) is)JEDI[yoda: rus > all
(00:50 / Allies) nutsonyochin.de: please make tower
(00:56 / All) LuDiPia.oOpTiZ: lool ally funny ^^
(01:04 / All) BigSausagePizza: u liek pixzza
(01:17 / Allies) BIG_OIL_CEO_USA: gettin a zza
(01:21 / Allies) BIG_OIL_CEO_USA: za
(01:22 / Allies) BIG_OIL_CEO_USA: zah?
(01:34 / Allies) BigSausagePizza: send a dood tia
(01:36 / Allies) nutsonyochin.de: make
(01:37 / Allies) nutsonyochin.de: towers
(01:38 / Allies) nutsonyochin.de: god
(01:38 / Allies) nutsonyochin.de: dman
(01:41 / Allies) BIG_OIL_CEO_USA: gotta make thing
(01:46 / Allies) nutsonyochin.de: send worker before mill is up
(01:49 / Allies) nutsonyochin.de: so you get there on thyme
(02:17 / Allies) nutsonyochin.de: left mroe
(02:22 / Allies) nutsonyochin.de: dragon gonna own you
(02:26 / Allies) nutsonyochin.de: share up
(02:30 / Allies) nutsonyochin.de: be very careful of the expansions
(02:33 / Allies) nutsonyochin.de: they agro from far away
(02:45 / Allies) BigSausagePizza: am
(05:16 / Allies) BigSausagePizza: 25 mamna lol
(05:26 / Allies) BigSausagePizza: hes regeing too fast
(05:32 / Allies) BigSausagePizza: tower shoot him once
(06:00 / Allies) BigSausagePizza: omfg noobs
(06:09 / Allies) BigSausagePizza: i punish u
(06:26 / All) LuDiPia.oOpTiZ: lol ?
(06:37 / All) BigSausagePizza: noop
(06:44 / Allies) nutsonyochin.de: help me creep
(07:34 / Allies) nutsonyochin.de: lum
(07:48 / Allies) nutsonyochin.de: lummm
(07:58 / Allies) nutsonyochin.de: block this off
(08:01 / Allies) nutsonyochin.de: so they cant go udnerneath
(08:44 / Allies) nutsonyochin.de: seal ittttt
(09:33 / Allies) nutsonyochin.de: block them in pease
(10:16 / Allies) nutsonyochin.de: ill come top
(10:18 / Allies) nutsonyochin.de: keep making towers
(10:51 / Allies) nutsonyochin.de: make beastiaries somewhere
(10:53 / Allies) nutsonyochin.de: by towers
(10:57 / Allies) nutsonyochin.de: wood
(11:10 / Allies) nutsonyochin.de: lum
(11:11 / Allies) nutsonyochin.de: kunt
(11:12 / Allies) BIG_OIL_CEO_USA: lumb
(11:58 / Allies) nutsonyochin.de: lumlumlum
(12:01 / Allies) BIG_OIL_CEO_USA: some one gimme 100
(12:06 / Allies) BIG_OIL_CEO_USA: so i can build another thing
(13:40 / Allies) BigSausagePizza: igh i tp\
(15:04 / All) LuDiPia.oOpTiZ: :D
(15:11 / Allies) nutsonyochin.de: thanks for that lumber.
(15:37 / Allies) RikuHeikkenen: need some serious help
(17:35 / Allies) nutsonyochin.de: can we kill this
(17:37 / Allies) nutsonyochin.de: orange lost his dk
(17:43 / Allies) nutsonyochin.de: and wood please
(17:54 / Allies) nutsonyochin.de: get some fiend or some shit
(18:01 / Allies) BigSausagePizza: i dun like units
(18:30 / Allies) nutsonyochin.de: sweet imapeil
(20:21 / Allies) nutsonyochin.de: keep making tower
(20:38 / Allies) RikuHeikkenen: l
(22:17 / Allies) nutsonyochin.de: wned
(22:34 / Allies) nutsonyochin.de: any lumber
(23:02 / Allies) BigSausagePizza: dumb naga
(24:18 / Allies) nutsonyochin.de: get a gargoyle there
(24:29 / Allies) nutsonyochin.de: we need to go up
(24:56 / All) LuDiPia.oOpTiZ: gg
(25:29 / Allies) BigSausagePizza: where
(25:33 / Allies) BigSausagePizza: we need bloodmage dont we
(25:39 / Allies) nutsonyochin.de: making one
(25:39 / All) CyberD0g-: noobs
(25:43 / Allies) nutsonyochin.de: ep tech
(25:46 / Allies) nutsonyochin.de: we need tiny town hall
(26:04 / Allies) BigSausagePizza: their mains are out
(26:17 / Allies) nutsonyochin.de: please help
(26:24 / Allies) nutsonyochin.de: wood
(26:53 / Allies) nutsonyochin.de: a fuck
(27:06 / Allies) BigSausagePizza: bats purple
(32:18 / All) CyberD0g-: give up
(32:25 / All) BigSausagePizza: hehe
(32:35 / All) CyberD0g-: pink u noob
(32:47 / Allies) nutsonyochin.de: wood
(32:47 / Allies) nutsonyochin.de: quick
(32:54 / Allies) BigSausagePizza: got 0
(32:57 / Allies) BIG_OIL_CEO_USA: '0
(33:00 / Allies) RikuHeikkenen: 0
(33:15 / Allies) nutsonyochin.de: ok 10 towers 7 dhawk and a gargoyle we got this.
(33:21 / Allies) BIG_OIL_CEO_USA: lol
(33:26 / Allies) nutsonyochin.de: staff up with an ivory
(34:06 / Allies) nutsonyochin.de: hide a necropolis
(34:45 / Allies) nutsonyochin.de: lmao
(34:56 / Allies) nutsonyochin.de: god damn
(35:03 / Allies) nutsonyochin.de: 9 hits
(35:04 / Allies) BIG_OIL_CEO_USA: 10 hits'
(35:07 / Allies) nutsonyochin.de: o
(35:08 / Allies) nutsonyochin.de: 10
(35:23 / Allies) nutsonyochin.de: keep hiding
(35:24 / Allies) BIG_OIL_CEO_USA: staff away
(35:26 / Allies) nutsonyochin.de: never stop neva eva stop
(35:32 / Allies) nutsonyochin.de: OH GOD
(35:52 / All) nico262: gg
(35:54 / All) CyberD0g-: leave noobs
(35:58 / Allies) BigSausagePizza: lol
(36:00 / Allies) BigSausagePizza: poor lich
(36:09 / Allies) nutsonyochin.de: staff up top
(36:09 / Allies) nutsonyochin.de: please
(36:15 / Allies) BigSausagePizza: 1nce i can
(36:22 / Allies) nutsonyochin.de: have the necropolis take htis for you
(36:26 / All) CyberD0g-: i know it
(36:30 / All) nutsonyochin.de: huh
(36:40 / Allies) nutsonyochin.de: lmao
(36:41 / Allies) BigSausagePizza: UGH
(36:42 / Allies) nutsonyochin.de: who done it
(36:44 / Allies) BigSausagePizza: WHOOOOOOOO
(36:48 / Allies) BIG_OIL_CEO_USA: i think it was me
(36:50 / Allies) nutsonyochin.de: ha ha ha
(36:52 / Allies) BIG_OIL_CEO_USA: tryin to click off him
(36:57 / Allies) BIG_OIL_CEO_USA: i dont this europ lag
(37:00 / Allies) BigSausagePizza: now no where is safe for kryptikk...
(37:02 / Allies) BIG_OIL_CEO_USA: what can i do
(37:03 / Allies) nutsonyochin.de: i dont this europ lag
(38:19 / Allies) BigSausagePizza: hetre cums lich
(39:41 / All) BigSausagePizza: lol pusys
(39:49 / Allies) nutsonyochin.de: 22 food?
(39:51 / Allies) nutsonyochin.de: where is the 7
(39:56 / Allies) nutsonyochin.de: dang
(40:07 / All) CyberD0g-: how u came up maybe u take garg and do to statue haha
(40:58 / Allies) BIG_OIL_CEO_USA: tuten
(40:59 / Allies) BIG_OIL_CEO_USA: arak
(41:15 / Allies) BIG_OIL_CEO_USA: gg